cohdb
Replays
Latest Replays
All Replays
Popular Replays
Top Player Replays
Match Explorer
How It Works
Community
CoH3 Stats
Reddit
Sign in to upload your games and track your stats! →
Sign in with Steam
Match 38892827
Unlisted
Match 38892827
Overview
Messages
Build Orders
End
Scout Squad
Selects Special Operations Battlegroup
Selects M29 Weasel Recon Vehicle
M29 Weasel Recon Vehicle
Construct Barracks
Riflemen Squad
Riflemen Squad
M1 Mortar Team
Engineer Squad
Construct Medical Station
Infantry Support Center
Selects Raiding Flares
Engineer Squad
Selects SSF Commando Squad
SSF Commando Squad
Construct Tank Depot
Selects Air Re-supply Operation
M4A1 Sherman Medium Tank
Survival Training
Selects P-47 Anti-Infantry Loiter
Selects UNKNOWN (2162291)
M18 Hellcat Tank Destroyer
Grenade Package
P-47 Anti-Infantry Loiter
只愛❤毛妹
JeYAK
0
0
Comments
sign in to comment!
No comments posted yet!